 Dungeon Crawl Stone Soup version 0.30-a0-728-gc68057be0a (webtiles) character file.

Game seed: 6787519629071125979

4 xian the Caller (level 1, 0/13 HPs)
             Began as a Demonspawn Summoner on Jan 31, 2023.
             Slain by a jackal (1 damage)
             ... on level 1 of the Dungeon.
             The game lasted 00:00:57 (208 turns).

xian the Caller (Demonspawn Summoner)                Turns: 208, Time: 00:00:57

Health: 0/13       AC:  2    Str:  8    XL:     1   Next: 58%
Magic:  3/3        EV: 12    Int: 16    God:
Gold:   33         SH:  0    Dex: 13    Spells: 3/4 levels left

rFire   . . .      SeeInvis .    e - +1 short sword (flame)
rCold   . . .      Faith    .    (no shield)
rNeg    . . .      Spirit   .    a - +0 robe
rPois   .          Reflect  .    (no helmet)
rElec   .          Harm     .    (no cloak)
rCorr   .          Rampage  .    (no gloves)
Will    .....                    (no boots)
Stlth   ++                       c - amulet of magic regeneration
HPRegen 0.22/turn                (no ring)
MPRegen 0.48/turn                (no ring)

@: no status effects
A: no striking features
a: no special abilities


You were on level 1 of the Dungeon.
You visited 1 branch of the dungeon, and saw 1 of its levels.

You collected 33 gold pieces.

Inventory:

Hand Weapons
 e - a +1 short sword of flaming (weapon)
Armour
 a - a +0 robe (worn)
Jewellery
 c - an amulet of magic regeneration (around neck)
Scrolls
 d - 2 scrolls of poison {unknown}
 f - a scroll of noise {unknown}
Potions
 b - a potion of magic


   Skills:
 + Level 1.9 Dodging
 + Level 1.7 Stealth
 + Level 2.1 Spellcasting
 + Level 4.0 Summonings


You had 3 spell levels left.
You knew the following spells:

 Your Spells              Type           Power      Damage    Failure   Level
a - Summon Small Mammal   Summ           56%        N/A       3%          1

Your spell library contained the following spells:

 Spells                   Type           Power      Damage    Failure   Level
 Call Imp                 Summ           14%        N/A       6%          2
 Call Canine Familiar     Summ           14%        N/A       12%         3
 Summon Guardian Golem    Hex/Summ       8%         N/A       26%         3
 Summon Lightning Spire   Summ/Air       8%         N/A       65%         4


Dungeon Overview and Level Annotations

Branches:
Dungeon (1/15)

Altars:


Message History

The bat hits you but does no damage.
The jackal bites you but does no damage.
You closely miss the bat.
The bat is heavily wounded.
The bat hits you but does no damage. The jackal closely misses you.
The bat barely misses you. The jackal bites you.
You closely miss the bat.
The bat is heavily wounded.
The bat hits you. The bat closely misses you.
The jackal bites you but does no damage.
You hit the bat but do no damage.
The bat is heavily wounded.
The bat hits you but does no damage. The jackal misses you.
You miss the bat.
The bat is heavily wounded.
The bat hits you but does no damage. The jackal barely misses you.
The bat closely misses you. The jackal misses you.
You miss the bat.
The bat is heavily wounded.
The bat closely misses you.
The jackal bites you but does no damage.
The jackal stops to sniff the ground.
The bat closely misses you.
You hit the bat. You burn the bat.
You kill the bat!
The jackal bites you. The jackal barely misses you.
You hit the jackal but do no damage. The jackal misses you. x2
The jackal closely misses you.
You closely miss the jackal. The jackal closely misses you.
The jackal bites you.
You closely miss the jackal. The jackal bites you.
The jackal closely misses you. x2
You closely miss the jackal. The jackal bites you.
The jackal closely misses you. The jackal bites you.
* * * LOW HITPOINT WARNING * * *
You hit the jackal but do no damage. The jackal closely misses you.
The jackal bites you.
* * * LOW HITPOINT WARNING * * *
The jackal bites you.
You die...

.######.#.#.# ...l..
#.####.#.#.# ......
#........#.# #.######.#.#
#......#.#.# #
#.####.#.#.#
#.#......#.#l#
#.#.######.#h#
#..........h@#
###.####...#)#
#.####.##### #...........
#.......#
...##.......##############
#.........†...............
#..###.....b.............
#..# #....b.............


You could see 2 jackals and a frilled lizard.

Vanquished Creatures
  A ball python (D:1)
  A bat (D:1)
  A jackal (D:1)
3 creatures vanquished.

Vanquished Creatures (collateral kills)
  A frilled lizard (D:1)
1 creature vanquished.

Vanquished Creatures (others)
  A plant (D:1)
1 creature vanquished.

Grand Total: 5 creatures vanquished

Notes
Turn   | Place    | Note
-------+----------+-------------------------------------------
     0 | D:1      | xian the Demonspawn Summoner began the quest for the Orb.
     0 | D:1      | Reached XP level 1. HP: 13/13 MP: 3/3
   208 | D:1      | Slain by a jackal

Illustrated notes

Levels and vault maps discovered:
D:1:      mrwooster_arrival_statue_2, layout_basic, serial_shops,
          nicolae_shop_behind_doors, serial_bayou_lake_a

Action                     || total
---------------------------++-------
  Melee: Short sword       ||    15
         Dagger            ||     2
   Cast: Summon Small Mamm ||     7
 Armour: Robe              ||    12
  Dodge: Dodged            ||    28

Table legend: (Time is in decaauts)
 A = Elapsed time spent in this place.
 B = Non-inter-level travel time spent in this place.
 C = Inter-level travel time spent in this place.
 D = Time resting spent in this place.
 E = Time spent auto-exploring this place.
 F = Levels seen in this place.
 G = Mean time per level.
                   A        B        C        D        E       F      G
               +--------+--------+--------+--------+--------+-----+--------+
         Total |    213 |    213 |      0 |      0 |     85 |   1 |  213.0 |
       Dungeon |    213 |    213 |      0 |      0 |     85 |   1 |  213.0 |
               +--------+--------+--------+--------+--------+-----+--------+

Top non-repeatable levels by time:
     D:1: 213 daAuts
